 Dungeon Crawl Stone Soup version 0.17-a0-1373-g64d4c99 (webtiles) character file.

1474 nuthulu the Arsonist (level 8, -13/41 HPs)
             Began as a Deep Elf Fire Elementalist on June 13, 2015.
             Killed from afar by nuthulu's ghost (30 damage)
             ... with a bolt of negative energy
             ... on level 5 of the Dungeon.
             The game lasted 00:26:43 (7250 turns).

nuthulu the Arsonist (Deep Elf Fire Elementalist)   Turns: 7250, Time: 00:26:45

Health: -13/41     AC:  8    Str:  5    XL:     8   Next: 49%
Magic:  9/21       EV: 12    Int: 23    God:
Gold:   184        SH:  0    Dex: 15    Spells: 5 memorised, 7 levels left

rFire  . . .     SeeInvis .     t - staff of poison
rCold  . . .     Clarity  .     a - +0 robe
rNeg   . . .     SustAt   .     (no shield)
rPois  +         Gourm    +     y - +1 helmet
rElec  .         Spirit   .     i - +2 cloak
rCorr  .         Warding  .     g - +0 pair of gloves
rMut   .         Stasis   .     (no boots)
MR     .....                    f - amulet of the gourmand
Stlth  ++........               (no ring)
                                d - ring of poison resistance

@: very slightly contaminated, heavily drained, not resistant to hostile
enchantments, unstealthy
A: no striking features
a: no special abilities


You were on level 5 of the Dungeon.
You were full.

You visited 2 branches of the dungeon, and saw 6 of its levels.

You collected 184 gold pieces.

Inventory:

Armour
 a - a +0 robe (worn)
 g - a +0 pair of gloves (worn)
 i - a +2 cloak (worn)
 y - a +1 helmet (worn)
Magical staves
 t - an uncursed staff of poison (weapon)
Jewellery
 d - a ring of poison resistance (left hand)
 e - an uncursed ring of ice
 f - an amulet of the gourmand (around neck)
Scrolls
 h - 3 scrolls of remove curse
 w - 4 scrolls of recharging
Potions
 k - a potion of might {unknown}
 m - a potion of invisibility {unknown}
 n - 2 potions of degeneration {unknown}
 o - 3 potions of brilliance {unknown}
 p - a potion of haste {unknown}
 r - 2 potions of lignification {unknown}
 s - a potion of heal wounds {unknown}
 u - 2 potions of ambrosia {unknown}
 v - a potion of agility {unknown}
Books
 b - a book of Flames

   Spells                             Type                      Level
   a - Flame Tongue                   Conjuration/Fire             1
   b - Throw Flame                    Conjuration/Fire             2
   c - Conjure Flame                  Conjuration/Fire             3
   d - Inner Flame                    Hexes/Fire                   3
   e - Sticky Flame                   Conjuration/Fire             4
   f - Fireball                       Conjuration/Fire             5
Comestibles
 c - 8 bread rations
 j - 2 meat rations
 l - 2 slices of pizza
 q - 4 fruits
 x - a beef jerky


   Skills:
 - Level 2.4(1.2) Dodging
 - Level 2.4(1.2) Stealth
 + Level 7.6(6.2) Spellcasting
 + Level 5.8(4.5) Conjurations
 * Level 8.8(7.4) Fire Magic


You had 7 spell levels left.
You knew the following spells:

 Your Spells              Type           Power        Failure   Level  Hunger
a - Flame Tongue          Conj/Fire      ####.        1%          1    None
b - Throw Flame           Conj/Fire      ####..       1%          2    None
c - Conjure Flame         Conj/Fire      ####....     1%          3    #......
d - Sticky Flame          Conj/Fire      ####....     10%         4    ###....
e - Fireball              Conj/Fire      ####......   21%         5    #####..


Dungeon Overview and Level Annotations

Branches:
Dungeon (5/15)             Temple (1/1) D:4

Altars:
Ashenzari
Cheibriados
Elyvilon
Fedhas
Kikubaaqudgha
Ru
Sif Muna
Trog
Yredelemnul
Zin

Annotations:
D:5 nuthulu's ghost, experienced DrBe


Message History

Confirm with . or Enter, or press ? or * to list all spells.
Aiming: Conjure Flame
Press: ? - help, Dir - move target cursor, p - nuthulu's ghost The fire roars!
Nuthulu's ghost is engulfed in roaring flames.
Casting: Conjure Flame
Confirm with . or Enter, or press ? or * to list all spells.
Okay, then.
Casting: Conjure Flame
Confirm with . or Enter, or press ? or * to list all spells.
Aiming: Sticky Flame
Press: ? - help, Shift-Dir - straight line, f - nuthulu's ghost
Aim: nuthulu's ghost (moderately damaged)
You miscast Sticky Flame.
You are very lightly contaminated with residual magic.
Nothing appears to happen.
Nuthulu's ghost breathes negative energy at you.
The bolt of negative energy hits you!
You feel drained.
Ouch! That really hurt!
You die...

.÷.....# #.###.#
##.<...# #.# #.#
##'#### #.# #.# #.#
#.# #.# #.# #.# #.#
#.# #.# #.#
###[######.# #.#
........##.###.#####
...............#@W.#
.....[..##.#####.#§#
..........[......#.#
#####.....(..#####§#
#........# #[#
#####........#####.##
......##.....#......#
......##.)..##......#
......##....##......#


You could see nuthulu's ghost.

Vanquished Creatures
  A sky beast (D:5)
  An ice beast (D:5)
  3 ogres
  2 centaurs (D:5)
  2 phantoms
  A scorpion (D:5)
  A jelly (D:5)
  The ghost of patman2 the Chopper, a weakling VSBe of Trog (D:4)
  4 orc wizards
  An orc priest (D:5)
  3 hounds
  3 iguanas
  Natasha (twice) (D:2)
  2 worker ants
  A hound skeleton (D:5)
  2 worker ant zombies (D:5)
  4 adders
  2 adder skeletons
  9 worms
  15 orcs
  3 ball pythons
  3 bat zombies (D:2)
  5 giant cockroaches
  7 hobgoblins
  6 jackals
  3 quokkas
  7 bats
  2 giant geckos
  4 giant newts
  13 goblins
  10 kobolds
  11 rats
  2 rat zombies (D:2)
136 creatures vanquished.

Notes
Turn   | Place    | Note
--------------------------------------------------------------
     0 | D:1      | nuthulu the Deep Elf Fire Elementalist began the quest for the Orb.
     0 | D:1      | Reached XP level 1. HP: 10/10 MP: 6/6
   360 | D:1      | Reached XP level 2. HP: 15/15 MP: 5/8
   367 | D:1      | Learned a level 2 spell: Throw Flame
  1398 | D:2      | Noticed Natasha
  1413 | D:2      | Killed Natasha
  1413 | D:2      | Reached skill level 4 in Spellcasting
  1413 | D:2      | Reached XP level 3. HP: 19/19 MP: 4/10
  1418 | D:2      | Learned a level 3 spell: Conjure Flame
  1926 | D:2      | Reached XP level 4. HP: 24/24 MP: 7/12
  1934 | D:2      | Learned a level 4 spell: Sticky Flame
  2013 | D:2      | Noticed Natasha
  2015 | D:2      | Killed Natasha
  2343 | D:2      | Found an ancient bone altar of Kikubaaqudgha.
  2565 | D:3      | Noticed a moth of wrath
  2568 | D:3      | Found a bloodstained altar of Trog.
  3252 | D:3      | Reached XP level 5. HP: 28/28 MP: 11/14
  3673 | D:4      | Noticed an ogre
  3679 | D:4      | Killed an ogre
  3679 | D:4      | Reached skill level 5 in Spellcasting
  3679 | D:4      | Reached skill level 5 in Fire Magic
  3811 | D:4      | Reached XP level 6. HP: 32/32 MP: 14/16
  3818 | D:4      | Learned a level 5 spell: Fireball
  3871 | D:4      | Noticed a phantom
  3877 | D:4      | Killed a phantom
  4013 | D:4      | Reached skill level 6 in Fire Magic
  4251 | D:4      | Found a staircase to the Ecumenical Temple.
  4262 | Temple   | Entered the Ecumenical Temple
  4440 | D:4      | Noticed patman2's ghost (weakling VSBe)
  4446 | D:4      | Killed patman2's ghost
  4767 | D:4      | Reached XP level 7. HP: 36/36 MP: 14/17
  5070 | D:5      | Entered Level 5 of the Dungeon
  5296 | D:5      | Reached skill level 7 in Fire Magic
  5444 | D:5      | Reached skill level 5 in Conjurations
  6304 | D:5      | Reached XP level 8. HP: 20/41 MP: 8/20
  6505 | D:5      | Reached skill level 8 in Fire Magic
  7231 | D:5      | Noticed nuthulu's ghost (experienced DrBe)
  7250 | D:5      | Killed from afar by nuthulu's ghost

Vault maps used:
D:1:      shiori_arrival_elements, st_stairs_8, roderic_serpentine_path
D:2:      lemuel_zombie_altar_kikubaaqudgha, serial_curves, eino_curves_04,
          eino_curves_01, uniq_natasha
D:3:      tgw_trog, first_bread
D:4:      minmay_temple_entry_hall
Temple:   circular_temple_pool_8

Action                   |  1- 3 |  4- 6 |  7- 9 || total
-------------------------+-------+-------+-------++-------
Melee: Unarmed           |       |     1 |    16 ||    17
       Staff             |       |       |    28 ||    28
 Cast: Flame Tongue      |    64 |   131 |   104 ||   299
       Throw Flame       |     6 |     3 |    16 ||    25
       Sticky Flame      |       |     1 |     3 ||     4
       Conjure Flame     |       |     3 |     8 ||    11
       Fireball          |       |       |     2 ||     2
  Use: Scroll            |     3 |     3 |     4 ||    10
  Eat: Chunk             |    12 |     8 |     9 ||    29
